AoeStats
← Panoutx

Arabia

505507706Analyzed
2v2 RM · 24d ago on Sep 9, 2026· 39m 52s· 4 players
Game mode
Random Map
Map size
Medium (4 player)
Population
200
Speed
Normal
Resources
Standard
Victory
Conquest
Starting age
Dark Age
Ending age
Imperial Age
RankedLock teamsTeams togetherTeam positionsShared explorationLock speedFull tech treeHidden civsTurbo modeCheats
Victory
Defeat
🇺🇸 Armenians · United States
1155
+18
🇲🇽 Inca · Mexico
1136
+19
🇪🇸 Wu · Spain
1207
-18
🇪🇸 Wei · Spain
1207
-19
|TT|-=UFO=-
10:26 Loom
12:34 Feudal Age
12:38 Man-at-Arms
13:32 Double-Bit Axe
13:42 Long Swordsman
14:27 Scale Mail Armor
14:51 Arson
15:23 Forging
16:40 Horse Collar
19:35 Padded Archer Armor
22:31 Wheelbarrow
21:50 Fletching
26:44 Castle Age
24:41 Gold Mining
25:40 Stone Mining
27:34 Gambesons
28:06 Chain Mail Armor
28:35 Bow Saw
29:03 Gold Shaft Mining
28:48 Hand Cart
28:45 Heavy Plow
29:16 Squires
29:33 Two-Handed Swordsman
31:43 Iron Casting
33:28 Fervor
34:57 Sanctity
35:27 Town Watch
36:25 Champion
36:28 Elite Skirmisher
40:23 Imperial Age
38:16 Bodkin Arrow
40:07 Leather Archer Armor
83T01SRA3L
7:09 Loom
9:43 Feudal Age
10:17 Double-Bit Axe
14:01 Wheelbarrow
15:11 Gold Mining
19:23 Fletching
22:26 Castle Age
21:00 Horse Collar
23:02 Bodkin Arrow
22:29 Crossbowman
25:38 Ballistics
25:57 Champi Runner
26:37 Squires
26:53 Scale Mail Armor
26:40 Champi Warrior
31:58 Chain Mail Armor
33:07 Bow Saw
38:06 Forging
Panoutx
6:19 Loom
9:16 Feudal Age
9:54 Town Watch
25:21 Castle Age
27:06 Wheelbarrow
29:41 Gold Mining
29:48 Double-Bit Axe
32:04 Fletching
32:43 Bodkin Arrow
34:29 Stone Mining
35:44 Horse Collar
39:29 Scale Barding Armor
39:36 Forging
42:40 Imperial Age
40:21 Padded Archer Armor
jmunozi
6:37 Loom
8:48 Feudal Age
9:19 Double-Bit Axe
9:51 Man-at-Arms
17:52 Gold Mining
17:46 Horse Collar
21:26 Castle Age
20:44 Forging
20:34 Scale Mail Armor
20:20 Arson
22:47 Iron Casting
22:28 Chain Mail Armor
23:06 Squires
27:49 Fletching
27:59 Padded Archer Armor
27:50 Crossbowman
35:25 Bodkin Arrow
Connection lost

Rejoining the realm…

Still unreachable

The connection could not be restored.

Session expired

The server has moved on; the page needs a fresh start.